 Dungeon Crawl Stone Soup version 0.31-a0-1338-gb567cfdca4 (console) character file.

Game seed: 9031811603785228342

1582 petzl the Magician (level 9, -7/66 (68) HPs)
             Began as a Formicid Delver on Dec 22, 2023.
             Shot with an arrow by a centaur warrior (10 damage)
             ... on level 15 of the Dungeon.
             The game lasted 00:29:51 (4269 turns).

petzl the Magician (Formicid Delver)                Turns: 4269, Time: 00:29:52

HP:   -7/66 (68)    AC: 15    Str: 17    XL:     9   Next: 14%
MP:   19/19         EV:  8    Int: 14    God:
Gold: 209           SH:  0    Dex: 15    Spells: 15/22 levels left

rFire   . . .        b - +0 orcbow (heavy)
rCold   . . .        (no shield)
rNeg    + . .        i - +6 chain mail of Bicw {rN+}
rPois   .            (helmet unavailable)
rElec   .            (no cloak)
rCorr   .            (no gloves)
SInv    +            (no boots)
Will    .....        (no amulet)
Stlth   +            (no ring)
HPRegen 0.31/turn    (no ring)
MPRegen 0.16/turn

%: no passive effects
@: lightly drained
A: permanent stasis, dig shafts and tunnels, antennae 3, four strong arms
a: Dig, Shaft Self


You were on level 15 of the Dungeon.
You visited 1 branch of the dungeon, and saw 11 of its levels.

You collected 209 gold pieces.

Inventory:

Hand Weapons
 a - a +0 short sword of venom
 b - a +0 heavy orcbow (weapon)
 q - a +1 dagger of holy wrath {!f =f}
Missiles
 k - 3 boomerangs
 l - 9 poisoned darts
Armour
 i - the +6 chain mail of Bicw (worn) {rN+}
   (You found it on level 7 of the Dungeon)

   rN+:       It protects you from negative energy.
 v - a +3 leather armour
Jewellery
 c - a ring of flight
 t - a ring of ice
Wands
 f - a wand of digging (2)
 u - a wand of polymorph (1)
Scrolls
 e - 3 scrolls of amnesia
 m - a scroll of summoning {unknown}
Potions
 d - a potion of might
 g - a potion of curing
 h - a potion of heal wounds {unknown}
 w - a potion of resistance {unknown}
 x - a potion of enlightenment {unknown}


   Skills:
 - Level 5.0 Fighting
 - Level 2.0 Maces & Flails
 * Level 0.0 Ranged Weapons
 - Level 5.0 Armour
 - Level 1.7 Dodging
 - Level 6.0 Stealth
 - Level 7.0 Spellcasting
 + Level 3.4 Conjurations
 + Level 4.5 Earth Magic


You had 15 spell levels left.
You knew the following spells:

 Your Spells              Type           Power      Damage    Failure   Level
a - Stone Arrow           Conj/Erth      32%        3d9       61%         3
g - Passage of Golubria   Tloc           4%         N/A       100%        4

Your spell library contained the following spells:

 Spells                   Type           Power      Damage    Failure   Level
 Call Imp                 Summ           8%         N/A       90%         2
 Sublimation of Blood     Necr           4%         N/A       90%         2
 Animate Armour           Summ/Erth      22%        N/A       99%         4
 Silence                  Hex/Air        2%         N/A       100%        5
 Summon Hydra             Summ           2%         N/A       100%        7
 Lehudib's Crystal Spear  Conj/Erth      8%         10d3      100%        8


Dungeon Overview and Level Annotations

Branches:
Dungeon (15/15)
 Temple: D:4-7         Lair: D:8-11         Orc: D:9-12      Vaults: D:13-14
 Depths: D:15

Altars:
Ashenzari
Nemelex Xobeh

Annotations:
D:5 exclusion: sensed monster (detected)
D:8 exclusion: downstairs
D:10 2 transporters, exclusion: 2 downstairs
D:11 exclusion: 2 downstairs
D:12 exclusion: downstairs
D:14 exclusions: downstairs and 2 sensed monsters (detected)


Innate Abilities, Weirdness & Mutations

You cannot be hasted, slowed, berserked, paralysed or teleported.
You can dig through walls and to a lower floor.
You have a pair of large antennae on your head. (SInv)
Your four strong arms can wield two-handed weapons with a shield.


Message History

The boulder beetle barely misses you.
You begin to dig a shaft.
You continue digging a shaft.
The centaur warrior shoots an arrow.
The arrow hits you but does no damage. The boulder beetle bites you!
A shaft appears beneath you!
You fall into a shaft and drop 2 floors!
The shaft crumbles and collapses.
Beware, you cannot shaft yourself on this level.
Found a flail.
You start resting.
You feel a little less mighty now.
You start resting.
A centaur warrior comes into view.
The centaur warrior wields a +0 orcbow of freezing.
It is covered in frost.
The centaur warrior shoots an arrow.
The arrow hits you! The arrow freezes you.
Okay, then.
Aiming: Polymorph
Press: ? - help, Shift-Dir - straight line, f - centaur warrior
Aim: a centaur warrior, wielding a +0 orcbow of freezing (will become a death drake, a torpor snail, or a broodmother, chance to affect: 31%)
The centaur warrior easily resists.
The centaur warrior shoots an arrow.
The arrow barely misses you.
The centaur warrior shoots an arrow.
The arrow hits you!!
* * * LOW HITPOINT WARNING * * *
The arrow freezes you.
* * * LOW HITPOINT WARNING * * *
Aiming: Polymorph
Press: ? - help, Shift-Dir - straight line, f/p - centaur warrior
Aim: a centaur warrior, wielding a +0 orcbow of freezing (will become a death drake, a torpor snail, or a broodmother, chance to affect: 31%)
The centaur warrior easily resists.
Aiming: Polymorph
Press: ? - help, Shift-Dir - straight line, f/p - centaur warrior
Aim: a centaur warrior, wielding a +0 orcbow of freezing (will become a death drake, a torpor snail, or a broodmother, chance to affect: 31%)
The centaur warrior easily resists.
The centaur warrior shoots an arrow.
The arrow hits you.
* * * LOW HITPOINT WARNING * * *
The arrow freezes you.
* * * LOW HITPOINT WARNING * * *
The centaur warrior shoots an arrow.
The arrow hits you!
You die...

######### #.....<.#
#.......# #.......#
#.......#
.........########
..................
............@......)
.......c............
........############
.


You could see a centaur warrior.

Vanquished Creatures
  A centaur warrior (D:14)
  Prince Ribbit (D:8)
  A wyvern (D:11)
  A phantom (D:6)
  A kobold brigand (D:8)
  A bullfrog (D:8)
  A scorpion (D:6)
  2 howler monkeys (D:8)
  2 hounds (D:6)
  4 orc priests
  An iguana (D:5)
  2 orc wizards
  2 adders
  A white imp (D:6)
  An ufetubus (D:10)
  14 orcs
  3 goblins (D:8)
  5 kobolds (D:8)
44 creatures vanquished.

Notes
Turn   | Place    | Note
-------+----------+-------------------------------------------
     0 | D:5      | petzl the Formicid Delver began the quest for the Orb.
     0 | D:5      | Reached XP level 1. HP: 18/18 MP: 1/1
    24 | D:5      | Noticed a hound
   149 | D:5      | You fall into a shaft and drop 2 floors!
   193 | D:7      | Identified the +6 chain mail of Bicw {rN+}
   354 | D:6      | Noticed a phantom
   396 | D:6      | Noticed an orc priest
   426 | D:6      | Reached skill level 1 in Spellcasting
   430 | D:6      | Killed an orc priest
   431 | D:6      | Reached skill level 2 in Spellcasting
   431 | D:6      | Reached XP level 2. HP: 23/24 MP: 1/5
   431 | D:6      | Reached XP level 3. HP: 27/29 MP: 1/7
   444 | D:6      | Reached skill level 3 in Spellcasting
   559 | D:6      | Reached XP level 4. HP: 34/35 MP: 8/8
   600 | D:6      | Reached skill level 1 in Armour
   607 | D:6      | Reached XP level 5. HP: 35/42 MP: 10/10
   623 | D:6      | Killed a phantom
   624 | D:6      | Reached XP level 6. HP: 18/48 MP: 11/11
   801 | D:6      | Found a sparkling altar of Nemelex Xobeh.
   835 | D:6      | Reached skill level 4 in Spellcasting
  1028 | D:6      | Noticed an ice beast
  1077 | D:7      | Found a broken altar of Ashenzari.
  1252 | D:5      | Noticed a black bear
  1290 | D:5      | You fall into a shaft and drop 2 floors!
  1393 | D:5      | You fall into a shaft and drop 3 floors!
  1455 | D:8      | Reached skill level 5 in Fighting
  1455 | D:8      | Reached XP level 7. HP: 31/56 MP: 13/13
  1647 | D:8      | Reached skill level 5 in Spellcasting
  2247 | D:8      | Noticed Prince Ribbit
  2280 | D:8      | Killed Prince Ribbit
  2281 | D:8      | Reached skill level 5 in Armour
  2281 | D:8      | Reached skill level 6 in Spellcasting
  2281 | D:8      | Reached XP level 8. HP: 37/62 MP: 14/17
  2465 | D:8      | an orc warrior changed into a blink frog
  2465 | D:8      | Noticed a blink frog
  2478 | D:8      | You fall into a shaft and drop 2 floors!
  2478 | D:10     | Entered Level 10 of the Dungeon
  2738 | D:11     | Noticed a wyvern
  2753 | D:11     | Killed a wyvern
  2754 | D:11     | Reached skill level 7 in Spellcasting
  2819 | D:12     | Noticed a vampire
  2823 | D:11     | Noticed a yak
  2823 | D:11     | Noticed a yak
  2824 | D:11     | Noticed a yak
  2849 | D:10     | You fall into a shaft and drop 1 floor!
  2930 | D:10     | HP: 1/58 [vampire mosquito (3)]
  2931 | D:10     | You fall into a shaft and drop 2 floors!
  2937 | D:12     | Noticed a cyclops
  3150 | D:12     | Noticed a troll
  3184 | D:11     | Noticed a yak
  3285 | D:10     | Found a transporter.
  3291 | D:10     | Found a transporter.
  3327 | D:10     | Noticed a polar bear
  3338 | D:10     | Noticed a yak
  3340 | D:10     | Noticed a yak
  3342 | D:10     | Noticed a yak
  3343 | D:10     | You fall into a shaft and drop 3 floors!
  3521 | D:14     | Learned a level 3 spell: Stone Arrow
  3599 | D:14     | Noticed a freezing wraith
  3599 | D:14     | Noticed a troll
  3784 | D:13     | Noticed a troll
  3785 | D:13     | Noticed a tengu conjurer
  3789 | D:12     | Noticed a two-headed ogre
  3791 | D:12     | Noticed a deep elf pyromancer
  3796 | D:12     | You fall into a shaft and drop 2 floors!
  3802 | D:13     | Noticed a four-headed hydra
  3816 | D:13     | Noticed a centaur warrior
  3820 | D:13     | You fall into a shaft and drop 2 floors!
  3820 | D:15     | Entered Level 15 of the Dungeon
  3844 | D:15     | Noticed a boulder beetle
  3929 | D:14     | Learned a level 4 spell: Passage of Golubria
  3966 | D:14     | Noticed a centaur warrior
  3985 | D:14     | Killed a centaur warrior
  3986 | D:14     | Reached XP level 9. HP: 37/68 MP: 19/19
  4096 | D:13     | Noticed a tengu warrior
  4096 | D:13     | Noticed a brown ugly thing
  4097 | D:13     | Identified the +3 leather armour of Ymainaj {rPois rF+}
  4101 | D:13     | Noticed a troll
  4102 | D:13     | You fall into a shaft and drop 2 floors!
  4211 | D:13     | Noticed a boulder beetle
  4216 | D:13     | Noticed a boulder beetle
  4217 | D:13     | Noticed a cyclops
  4218 | D:13     | You fall into a shaft and drop 2 floors!
  4265 | D:15     | Noticed a centaur warrior
  4269 | D:15     | HP: 3/66 [centaur warrior/arrow (1)]
  4269 | D:15     | Shot with an arrow by a centaur warrior

Illustrated notes

Levels and vault maps discovered:
D:5:      layout_basic, lemuel_doored_altar
D:6:      layout_basic, mainiacjoe_overflow_six_doors_small, serial_rivers,
          chequers_serial_rivers_room_a, chequers_serial_rivers_room_a,
          chequers_serial_rivers_small_3, chequers_serial_rivers_room_a,
          chequers_serial_rivers_large_a, serial_park_tiny_2
D:7:      layout_gridville, cheibrodos_ashenzari_chains, kennysheep_slug_shrine
D:8:      layout_basic, enter_bailey_5, uniq_prince_ribbit1
D:9:      minmay_the_grid_3x2 [minmay_the_grid_tree, minmay_the_grid_large_cup,
          minmay_the_grid_holed_spiral, minmay_the_grid_broken_lines,
          minmay_the_grid_minigrid_large, minmay_the_grid_prize_four_corners],
          layout_rooms, minitemple, orc_david_3, serial_library,
          serial_library_hellmonk_junction, serial_library_hellmonk_statue_hall,
          serial_library_hellmonk_secret_room,
          serial_library_hellmonk_hallway_b,
          serial_library_hellmonk_small_corner, serial_library_hellmonk_room_a
D:10:     layout_stronghold, hellmonk_lair_entry_icy, serial_ice, serial_ice_m,
          serial_ice_n, serial_ice_j, serial_ice_g, serial_ice_o,
          nicolae_transporter_intersection
D:11:     cheibrodos_fzero, layout_long_grid, marbit_kobold_abyssish,
          uniq_nergalle
D:12:     dreamdust_wu_jian_sword_trials, layout_irregular_city
D:13:     layout_cave_pools
D:14:     layout_long_grid, hellmonk_vaults_keyhole, minmay_misc_feat_enclosed,
          drop_trap
D:15:     hellmonk_depths_entry_around_the_bend, layout_irregular_city,
          roderic_serpentine_path

Skill      XL: |  1  2  3  4  5  6  7  8 |
---------------+-------------------------+-----
Spellcasting   | 2 3 4 6 7 |  7.0
Armour         | 1 2 3 5 |  5.0
Fighting       | 4 5 |  5.0
Conjurations   | 3 |  3.4
Earth Magic    | 4 |  4.5
Maces & Flails | |  2.0
Dodging        | |  1.7
Stealth        | |  6.0

Action                     |  1- 3 |  4- 6 |  7- 9 || total
---------------------------+-------+-------+-------++-------
  Melee: Mace              |    34 |   104 |    15 ||   153
         Punch             |       |     2 |       ||     2
         Short sword       |       |       |   105 ||   105
         Unarmed           |       |       |     9 ||     9
         Dagger            |       |       |    16 ||    16
  Throw: Dart              |       |       |     5 ||     5
Ability: Shaft Self        |     1 |     2 |     8 ||    11
         Dig               |       |       |     3 ||     3
  Evoke: Wand              |       |       |     7 ||     7
    Use: Potion            |     1 |     1 |     2 ||     4
         Scroll            |     1 |       |     8 ||     9
 Armour: Chain mail        |    31 |   153 |   212 ||   396
         Leather armour    |     6 |       |       ||     6
         Skin              |       |       |     4 ||     4
  Dodge: Dodged            |    22 |    60 |    77 ||   159

Table legend: (Time is in decaauts)
 A = Elapsed time spent in this place.
 B = Non-inter-level travel time spent in this place.
 C = Inter-level travel time spent in this place.
 D = Time resting spent in this place.
 E = Time spent auto-exploring this place.
 F = Levels seen in this place.
 G = Mean time per level.
                   A        B        C        D        E       F      G
               +--------+--------+--------+--------+--------+-----+--------+
         Total |   4315 |   4227 |     88 |   1701 |    421 |  11 |  392.3 |
       Dungeon |   4315 |   4227 |     88 |   1701 |    421 |  11 |  392.3 |
               +--------+--------+--------+--------+--------+-----+--------+

Top non-repeatable levels by time:
     D:8: 1018 daAuts
     D:6: 805 daAuts
    D:14: 542 daAuts
    D:10: 418 daAuts
     D:5: 314 daAuts
     D:7: 309 daAuts
    D:12: 241 daAuts
    D:13: 217 daAuts
    D:11: 211 daAuts
    D:15: 158 daAuts
     D:9: 78 daAuts
